 Dungeon Crawl Stone Soup version 0.22-a0-247-gbddf880 (webtiles) character file.

75 varam the Vexing (level 4, -2/34 HPs)
             Began as a Gnoll Arcane Marksman on Feb 26, 2018.
             Slain by a leopard gecko (5 damage)
             ... on level 2 of the Dungeon.
             The game lasted 00:05:28 (1842 turns).

varam the Vexing (Gnoll Arcane Marksman)            Turns: 1842, Time: 00:05:29

Health: -2/34      AC:  2    Str: 12    XL:     4   Next: 31%
Magic:  8/8        EV: 14    Int: 15    God:
Gold:   95         SH:  0    Dex: 17    Spells: 6/9 levels left

rFire    . . .     SeeInvis .   r - +2 dagger (drain)
rCold    . . .     Gourm    .   (no shield)
rNeg     . . .     Faith    +   l - -1 leather armour (curse)
rPois    .         Spirit   .   (no helmet)
rElec    .         Reflect  .   (no cloak)
rCorr    .         Harm     .   (no gloves)
MR       .....                  (no boots)
Stlth    ++........             j - amulet of faith
HPRegen  0.11/turn              (no ring)
MPRegen  0.11/turn              (no ring)

@: no status effects
A: distributed training, fangs 1, strong nose
a: no special abilities


You were on level 2 of the Dungeon.
You were hungry.

You visited 1 branch of the dungeon, and saw 3 of its levels.

You collected 95 gold pieces.

Inventory:

Hand Weapons
 a - a +0 hand crossbow
 r - a +2 dagger of draining (weapon)
Missiles
 d - 24 bolts
Armour
 l - a cursed -1 leather armour (worn)
Jewellery
 j - an amulet of faith (around neck)
Wands
 o - a wand of acid (8)
Scrolls
 h - 2 scrolls of identify {unknown}
 i - a scroll of teleportation {unknown}
 m - 2 scrolls of blinking
 p - a scroll of enchant weapon {unknown}
 q - a scroll of noise {unknown}
Potions
 e - a potion of lignification {unknown}
 f - a potion of cancellation {unknown}
 g - a potion of curing {unknown}
 n - a potion of mutation {unknown}
Comestibles
 c - 4 rations


   Skills:
 + Level 2.7 Fighting
 + Level 1.1 Short Blades
 + Level 1.1 Long Blades
 + Level 1.1 Axes
 + Level 1.1 Maces & Flails
 + Level 1.1 Polearms
 + Level 1.1 Staves
 + Level 1.1 Slings
 + Level 1.1 Bows
 + Level 4.6 Crossbows
 + Level 1.1 Throwing
 + Level 1.1 Armour
 + Level 4.6 Dodging
 + Level 1.1 Stealth
 + Level 1.1 Shields
 + Level 1.1 Unarmed Combat
 + Level 3.0 Spellcasting
 + Level 0.8 Conjurations
 + Level 5.4 Hexes
 + Level 0.8 Charms
 + Level 0.8 Summonings
 + Level 0.8 Necromancy
 + Level 0.8 Translocations
 + Level 0.8 Transmutations
 + Level 0.8 Fire Magic
 + Level 0.8 Ice Magic
 + Level 0.8 Air Magic
 + Level 0.8 Earth Magic
 + Level 0.8 Poison Magic
 + Level 1.2 Invocations
 + Level 1.1 Evocations


You had 6 spell levels left.
You knew the following spells:

 Your Spells              Type           Power        Failure   Level  Hunger
a - Corona                Hex            ###....      2%          1    #......
b - Slow                  Hex            ###.....     4%          2    ##.....


Dungeon Overview and Level Annotations

Branches:
Dungeon (3/15)

Altars:
Ashenzari

Annotations:
D:2 Sigmund
D:3 anet's ghost, amateur DEWz


Innate Abilities, Weirdness & Mutations

Your experience applies equally to all skills.
You have very sharp teeth.
Your uncanny sense of smell can sniff out nearby items.


Message History

The adder zombie is severely damaged.
The adder zombie bites you.
You hit the adder zombie.
You destroy the adder zombie!
Your Spellcasting skill increases to level 3!
You closely miss the leopard gecko. The leopard gecko bites you.
You closely miss the leopard gecko. The leopard gecko barely misses you.
The leopard gecko bites you.
* * * LOW HITPOINT WARNING * * *
You closely miss the leopard gecko. The leopard gecko barely misses you.
You hit the leopard gecko.
The leopard gecko is severely wounded.
The leopard gecko bites you.
* * * LOW HITPOINT WARNING * * *
The leopard gecko bites you.
* * * LOW HITPOINT WARNING * * *
You barely miss the leopard gecko.
The leopard gecko is severely wounded.
The leopard gecko bites you.
You die...

..+.......)..........#
###..........###...#.#
# ##.......#.# #...#.#
##.....##.# #.###.#
##...###.# #.# .#
##+## #.###.## #.# #..
... #(# ### #.# ##.##
#@# ######...## #l#
..........# #.#
#####....#######.#
####............#
#.....P##########
#.≈≈≈≈P# #≈≈≈≈≈≈#
#.≈≈≈≈.#


You could see a leopard gecko.

Vanquished Creatures
  A howler monkey zombie (D:2)
  A worker ant zombie (D:2)
  An adder zombie (D:2)
  3 dart slugs
  2 leopard geckos (D:1)
  4 bats
  A bat zombie (D:2)
  2 giant cockroaches (D:2)
  9 goblins
  5 hobgoblins
  3 frilled lizards
  2 kobolds (D:1)
  A leopard gecko skeleton (D:2)
  A quokka zombie (D:2)
  5 rats
41 creatures vanquished.

Notes
Turn   | Place    | Note
-------+----------+-------------------------------------------
     0 | D:1      | varam the Gnoll Arcane Marksman began the quest for the Orb.
     0 | D:1      | Reached XP level 1. HP: 17/17 MP: 4/4
    87 | D:1      | Reached XP level 2. HP: 22/23 MP: 5/5
   385 | D:1      | Learned a level 2 spell: Slow
   554 | D:1      | Reached XP level 3. HP: 16/28 MP: 7/7
  1437 | D:2      | Reached skill level 1 in Invocations
  1498 | D:2      | Reached skill level 1 in Short Blades
  1498 | D:2      | Reached skill level 1 in Long Blades
  1498 | D:2      | Reached skill level 1 in Axes
  1498 | D:2      | Reached skill level 1 in Maces & Flails
  1498 | D:2      | Reached skill level 1 in Polearms
  1498 | D:2      | Reached skill level 1 in Staves
  1498 | D:2      | Reached skill level 1 in Slings
  1498 | D:2      | Reached skill level 1 in Bows
  1498 | D:2      | Reached skill level 1 in Throwing
  1498 | D:2      | Reached skill level 1 in Armour
  1498 | D:2      | Reached skill level 1 in Stealth
  1498 | D:2      | Reached skill level 1 in Shields
  1498 | D:2      | Reached skill level 1 in Unarmed Combat
  1498 | D:2      | Reached skill level 1 in Evocations
  1523 | D:2      | Reached XP level 4. HP: 34/34 MP: 8/8
  1588 | D:2      | Found a shattered altar of Ashenzari.
  1603 | D:2      | Noticed Sigmund
  1786 | D:3      | Noticed anet's ghost (amateur DEWz)
  1829 | D:2      | Reached skill level 3 in Spellcasting
  1838 | D:2      | HP: 3/34 [leopard gecko (4)]
  1842 | D:2      | Slain by a leopard gecko

Vault maps used:
D:1:      minmay_arrival_four_circles
D:2:      lemuel_crystal_altar, serial_undead, serial_undead_a, serial_undead_f,
          serial_undead_b, serial_undead_c, serial_undead_f, serial_undead_e,
          uniq_sigmund
D:3:      cheibrodos_fertilizer, lemuel_coloured_pillars_altar, uniq_natasha

Skill      XL: |  1  2  3  4 |
---------------+-------------+-----
Invocations    | 1 |  1.2
Short Blades   | 1 |  1.1
Long Blades    | 1 |  1.1
Axes           | 1 |  1.1
Maces & Flails | 1 |  1.1
Polearms       | 1 |  1.1
Staves         | 1 |  1.1
Slings         | 1 |  1.1
Bows           | 1 |  1.1
Throwing       | 1 |  1.1
Armour         | 1 |  1.1
Stealth        | 1 |  1.1
Shields        | 1 |  1.1
Unarmed Combat | 1 |  1.1
Evocations     | 1 |  1.1
Spellcasting   | 3 |  3.0
Fighting       | |  2.7
Crossbows      | |  4.6
Dodging        | |  4.6
Conjurations   | |  0.8
Hexes          | |  5.4
Charms         | |  0.8
Summonings     | |  0.8
Necromancy     | |  0.8
Translocations | |  0.8
Transmutations | |  0.8
Fire Magic     | |  0.8
Ice Magic      | |  0.8
Air Magic      | |  0.8
Earth Magic    | |  0.8
Poison Magic   | |  0.8

Action                   |  1- 3 |  4- 6 || total
-------------------------+-------+-------++-------
Melee: Short sword       |    67 |       ||    67
       Bite              |     5 |     1 ||     6
       Dagger            |       |    10 ||    10
 Fire: Hand crossbow     |    50 |    14 ||    64
  Use: Scroll            |       |     1 ||     1
 Stab: Sleeping          |     2 |       ||     2
  Eat: Chunk             |     2 |       ||     2
Armor: Robe              |     6 |       ||     6
       Leather armour    |     3 |     2 ||     5
Dodge: Dodged            |    74 |    20 ||    94

Table legend:
 A = Spawn XP
 B = Non-spawn XP
 C = Spawn XP percentage of total XP
 D = Spawn monster count
 E = Non-spawn monster count
 F = Spawn count percentage of total count
 G = Total turns spent on level
                    A         B        C        D         E        F      G
               +---------+---------+-------+---------+---------+-------+---------
         Total |       0 |     108 |   0.0 |       0 |      41 |   0.0 |  1842
               +---------+---------+-------+---------+---------+-------+---------
           D:1 |       0 |      43 |   0.0 |       0 |      23 |   0.0 |  1073
           D:2 |       0 |      59 |   0.0 |       0 |      16 |   0.0 |   638
           D:3 |       0 |       6 |   0.0 |       0 |       2 |   0.0 |   131
               +---------+---------+-------+---------+---------+-------+---------
